 Dungeon Crawl Stone Soup version 0.24-a0-499-g1074bba3cf (webtiles) character file.

Game seed: 16558564822923733457

535 tilp the Gusty (level 7, -1/40 HPs)
             Began as a Tengu Air Elementalist on July 14, 2019.
             Shot with an arrow by a centaur (12 damage)
             ... on level 5 of the Dungeon.
             The game lasted 00:13:59 (3607 turns).

tilp the Gusty (Tengu Air Elementalist)             Turns: 3607, Time: 00:14:00

Health: -1/40      AC:  3    Str:  9    XL:     7   Next: 25%
Magic:  3/14       EV: 12    Int: 17    God:
Gold:   120        SH:  0    Dex: 14    Spells: 1/15 levels left

rFire    . . .     SeeInvis .   a - +1 short sword (freeze)
rCold    . . .     Gourm    .   (no shield)
rNeg     . . .     Faith    .   j - +0 leather armour
rPois    .         Spirit   .   (helmet restricted)
rElec    .         Reflect  .   (no cloak)
rCorr    .         Harm     .   (no gloves)
MR       .....                  (boots unavailable)
Stlth    ++........             (no amulet)
HPRegen  0.13/turn              (no ring)
MPRegen  0.14/turn              (no ring)

@: no status effects
A: beak, talons 3, able to fly
a: Fly


You were on level 5 of the Dungeon.
You were not hungry.

You visited 1 branch of the dungeon, and saw 5 of its levels.

You collected 120 gold pieces.

Inventory:

Hand Weapons
 a - a +1 short sword of freezing (weapon)
Missiles
 b - 44 poisoned darts (quivered)
Armour
 j - a +0 leather armour (worn)
Scrolls
 d - a scroll of enchant armour {unknown}
 g - a scroll of enchant weapon {unknown}
 h - a scroll of remove curse {unknown}
 i - a scroll of fear {unknown}
 m - a scroll of immolation {unknown}
Potions
 e - a potion of curing {unknown}
 f - a potion of invisibility {unknown}
 k - a potion of lignification {unknown}
 l - a potion of resistance {unknown}
 n - 2 potions of haste {unknown}
 o - a potion of magic {unknown}
 q - a potion of flight {unknown}
 r - a potion of might {unknown}
Comestibles
 c - 4 rations
 p - 6 chunks of flesh


   Skills:
 + Level 2.3 Fighting
 - Level 2.1 Dodging
 - Level 2.0 Stealth
 - Level 4.5 Spellcasting
 - Level 4.0 Conjurations
 - Level 2.4 Fire Magic
 - Level 6.0 Air Magic


You had one spell level left.
You knew the following spells:

 Your Spells              Type           Power        Failure   Level  Hunger
a - Shock                 Conj/Air       ###.         2%          1    None
b - Swiftness             Chrm/Air       ##......     9%          2    ##.....
c - Conjure Flame         Conj/Fire      ##......     17%         3    ###....
d - Airstrike             Air            ###.......   17%         4    ####...
e - Sticky Flame          Conj/Fire      ##......     50%         4    ####...

Your spell library contained the following spells:

 Spells                   Type           Power        Failure   Level  Hunger
 Flame Tongue             Conj/Fire      ##...        5%          1    None
 Static Discharge         Conj/Air       ###.....     8%          3    ###....
 Throw Flame              Conj/Fire      ##....       9%          2    ##.....
 Inner Flame              Hex/Fire       #.......     36%         3    ###....
 Lightning Bolt           Conj/Air       ###.......   58%         5    ######.
 Fireball                 Conj/Fire      ##........   83%         5    ######.


Dungeon Overview and Level Annotations

Branches:
Dungeon (5/15)
 Temple: D:4-7

Altars:
Hepliaklqana
Nemelex Xobeh
Qazlal
Xom

Annotations:
D:4 Grinder, Sigmund


Innate Abilities, Weirdness & Mutations

You have a beak for a mouth.
You have claws for feet.
You can fly continuously.


Message History

The centaur is lightly wounded.
The centaur shoots an arrow.
The arrow hits you!
Casting: Shock (safe; 2% risk of failure)
Confirm with . or Enter, or press ? or * to list all spells.
Aiming: Shock (safe; 2% risk of failure)
Press: ? - help, Shift-Dir - straight line, f/p - centaur
Aim: a centaur, wielding a +0 shortbow (lightly wounded)
The zap hits the centaur.
The centaur is moderately wounded.
The centaur shoots an arrow.
The arrow hits you!
Casting: Shock (safe; 2% risk of failure)
Confirm with . or Enter, or press ? or * to list all spells.
Aiming: Shock (safe; 2% risk of failure)
Press: ? - help, Shift-Dir - straight line, f/p - centaur
Aim: a centaur, wielding a +0 shortbow (moderately wounded)
The zap hits the centaur.
The centaur is heavily wounded.
The centaur shoots an arrow.
The arrow hits you.
The centaur shoots an arrow.
The arrow hits you!
You die...

. . .# #.
##.
#.###.. .
#......##
#.# #@#
..# #)#
#.#
#)##..###
.
#)#......
.# #..
##[..#


oo# ....#.c..## ...# #.......##..# #..........# ......)..<##.... You could see a
centaur.

Vanquished Creatures
  2 phantoms (D:4)
  An ogre (D:3)
  An orc priest (D:5)
  3 orc wizards
  A gnoll (D:1)
  2 adders (D:2)
  4 oozes
  An adder skeleton (D:3)
  2 dart slugs
  4 leopard geckos
  14 orcs
  6 giant cockroaches
  8 goblins
  4 hobgoblins
  4 jackals (D:3)
  2 quokkas (D:3)
  8 bats
  8 frilled lizards
  8 kobolds
  8 rats
91 creatures vanquished.

Notes
Turn   | Place    | Note
-------+----------+-------------------------------------------
     0 | D:1      | tilp the Tengu Air Elementalist began the quest for the
                  | Orb.
     0 | D:1      | Reached XP level 1. HP: 10/10 MP: 4/4
   288 | D:1      | Reached XP level 2. HP: 15/15 MP: 1/6
   344 | D:1      | Learned a level 2 spell: Swiftness
   579 | D:1      | Reached skill level 5 in Air Magic
   928 | D:1      | Reached XP level 3. HP: 19/19 MP: 3/7
  1054 | D:2      | Reached skill level 6 in Air Magic
  1142 | D:2      | Found a shimmering altar of Xom.
  1143 | D:2      | Found a hazy altar of Hepliaklqana.
  1143 | D:2      | Noticed a caustic shrike
  1144 | D:2      | Noticed a caustic shrike
  1144 | D:2      | Noticed a spectral ugly thing
  1474 | D:2      | Found a sparkling altar of Nemelex Xobeh.
  1520 | D:2      | Found a faded altar of an unknown god.
  1537 | D:2      | Reached XP level 4. HP: 24/24 MP: 3/8
  1544 | D:2      | Learned a level 4 spell: Airstrike
  2209 | D:3      | Noticed an ogre
  2564 | D:3      | Gained mutation: You can fly continuously. [Tengu growth]
  2564 | D:3      | Reached XP level 5. HP: 28/28 MP: 3/9
  2725 | D:3      | Killed an ogre
  2725 | D:3      | Reached XP level 6. HP: 32/32 MP: 5/12
  2730 | D:3      | Learned a level 3 spell: Conjure Flame
  2801 | D:3      | Found a stormy altar of Qazlal.
  2972 | D:4      | Noticed a phantom
  3079 | D:4      | Killed a phantom
  3144 | D:4      | Noticed Grinder
  3297 | D:4      | Noticed a phantom
  3365 | D:4      | Killed a phantom
  3371 | D:4      | Learned a level 4 spell: Sticky Flame
  3480 | D:4      | Reached XP level 7. HP: 36/36 MP: 11/14
  3534 | D:4      | Noticed Sigmund
  3557 | D:4      | Reached skill level 1 in Fighting
  3588 | D:5      | Entered Level 5 of the Dungeon
  3607 | D:5      | Shot with an arrow by a centaur

Levels and vault maps discovered:
D:1:      lightli_molten_gateway, layout_basic, chequers_arboretum,
          dk_noncrumbling_3
D:2:      layout_loops_ring, regret_index_temple_of_mockery,
          lemuel_coloured_pillars_altar, chequers_ecumenical_altar_twisty,
          st_stairs_2
D:3:      layout_loops_ring, first_ration, grunt_qazlal_sundering
D:4:      layout_basic, uniq_ijyb, uniq_crazy_yiuf_cottage, uniq_grinder,
          uniq_sigmund
D:5:      layout_layer_cave, amethyst_overflow_temple_binary, tgw_sif,
          minmay_temple_entry_arrows, minmay_pentangle

Skill      XL: |  1  2  3  4  5  6  7 |
---------------+----------------------+-----
Air Magic      | 5 6 |  6.0
Conjurations   | 2 4 |  4.0
Spellcasting   | 3 4 |  4.5
Fire Magic     | 2 |  2.4
Fighting       | 2 |  2.3
Dodging        | |  2.1
Stealth        | |  2.0

Action                   |  1- 3 |  4- 6 |  7- 9 || total
-------------------------+-------+-------+-------++-------
Melee: Short sword       |     1 |    24 |     1 ||    26
       Kick              |       |     8 |       ||     8
       Peck              |       |     5 |       ||     5
Throw: Dart              |     2 |     8 |     2 ||    12
 Cast: Shock             |    49 |    64 |    18 ||   131
       Airstrike         |       |     8 |       ||     8
  Use: Scroll            |       |     1 |     1 ||     2
  Eat: Chunk             |     3 |     8 |     1 ||    12
Armor: Leather armour    |     7 |     6 |       ||    13
Dodge: Dodged            |    10 |    18 |     4 ||    32

Table legend:
 A = Non-vault XP
 B = Vault XP
 C = Vault XP percentage of total XP
 D = Non-vault monster count
 E = Vault monster count
 F = Vault count percentage of total count
                 A         B        C        D         E       F
            +---------+---------+-------+---------+---------+-------
      Total |     762 |       3 |   0.4 |      89 |       2 |   2.2
            +---------+---------+-------+---------+---------+-------
        D:1 |      53 |       0 |   0.0 |      21 |       0 |   0.0
        D:2 |      54 |       3 |   5.3 |      18 |       2 |  10.0
        D:3 |     242 |       0 |   0.0 |      36 |       0 |   0.0
        D:4 |     319 |       0 |   0.0 |       9 |       0 |   0.0
        D:5 |      94 |       0 |   0.0 |       5 |       0 |   0.0
            +---------+---------+-------+---------+---------+-------
